 Dungeon Crawl Stone Soup version 0.26-a0-712-ga5a9c9c9d0 (webtiles) character file.

Game seed: 16760251214262139409

516 raph the Gusty (level 7, -4/38 HPs)
             Began as a Tengu Air Elementalist on Nov 8, 2020.
             Was a Follower of Vehumet.
             Shot with an arrow by a centaur (5 damage)
             ... on level 5 of the Dungeon.
             The game lasted 00:18:35 (5173 turns).

raph the Gusty (Tengu Air Elementalist)             Turns: 5173, Time: 00:18:36

Health: -4/38      AC:  5    Str:  8    XL:     7   Next: 20%
Magic:  5/12       EV: 15    Int: 18    God:    Vehumet [*.....]
Gold:   90         SH:  0    Dex: 14    Spells: 1/12 levels left

rFire    . . .     SeeInvis .   q - +2 war axe (elec)
rCold    . . .     Faith    .   (no shield)
rNeg     . . .     Spirit   .   u - +2 robe {MR+}
rPois    .         Reflect  .   (helmet restricted)
rElec    .         Harm     .   j - +0 cloak
rCorr    .         Rampage  .   (no gloves)
MR       +....                  (boots unavailable)
Stlth    ++........             (no amulet)
HPRegen  0.12/turn              (no ring)
MPRegen  0.13/turn              (no ring)

@: sluggish, flying quickly and evasively, very slow
A: beak, talons 3, able to fly
a: Stop Flying, Renounce Religion


You were on level 5 of the Dungeon.
You worshipped Vehumet.
Vehumet was aware of your devotion.
You visited 1 branch of the dungeon, and saw 5 of its levels.

You collected 378 gold pieces.
You spent 288 gold pieces at shops.

Inventory:

Hand Weapons
 q - a +2 war axe of electrocution (weapon)
Missiles
 e - 6 poisoned darts
 o - 7 curare-tipped darts (quivered)
 s - 3 boomerangs of dispersal
Armour
 a - a +0 robe
 j - a +0 cloak (worn)
 u - a +2 robe of magic resistance (worn)
 v - a +2 robe
Jewellery
 p - an uncursed ring of ice
Wands
 t - a wand of flame (29)
Scrolls
 c - 2 scrolls of identify
 g - a scroll of fog
 h - 4 scrolls of random uselessness
 i - 3 scrolls of remove curse
 m - 2 scrolls of teleportation {unknown}
 n - 3 scrolls of amnesia
Potions
 b - 2 potions of resistance
 d - 9 potions of curing
 f - a potion of lignification
 k - 2 potions of might
 l - a potion of stabbing {unknown}
 r - a potion of heal wounds {unknown}


   Skills:
 - Level 1.0 Fighting
 - Level 2.6 Dodging
 - Level 2.3 Stealth
 - Level 3.2 Spellcasting
 - Level 5.3 Conjurations
 * Level 7.6 Air Magic


You had one spell level left.
You knew the following spells:

 Your Spells              Type           Power        Failure   Level
a - Shock                 Conj/Air       ####         1%          1
b - Swiftness             Air            ####....     1%          2
c - Static Discharge      Conj/Air       ####....     3%          3
d - Airstrike             Air            ####......   7%          4
e - Magic Dart            Conj           ###.         1%          1

Your spell library contained the following spells:

 Spells                   Type           Power        Failure   Level
 Foxfire                  Conj/Fire      ##..         5%          1
 Conjure Flame            Conj/Fire      ##......     16%         3
 Lightning Bolt           Conj/Air       ####......   30%         5
 Inner Flame              Hex/Fire       #.......     43%         3
 Sticky Flame             Conj/Fire      ##......     47%         4
 Fireball                 Conj/Fire      ##........   83%         5


Dungeon Overview and Level Annotations

Branches:
Dungeon (5/15)
 Temple: D:4-7

Altars:
Kikubaaqudgha
Vehumet
Xom

Shops:
D:4 ![


Innate Abilities, Weirdness & Mutations

You have a beak for a mouth.
You have claws for feet.
You can fly continuously.


Message History

You see here an arrow.
The centaur shoots an arrow.
The arrow hits you!
You see here 2 arrows.
Found 27 stones.
The bullfrog skeleton completely misses you.
The bullfrog skeleton hits you but does no damage.
You start to feel a little slower.
You feel sluggish.
The bullfrog skeleton hits you but does no damage.
You see here a ball python skeleton.
The bullfrog skeleton hits you!
* * * LOW HITPOINT WARNING * * *
The bullfrog skeleton misses you.
Things that are here:
an iguana skeleton; a hound skeleton The bullfrog skeleton closely misses you.
The centaur shoots an arrow.
The arrow hits you!
* * * LOW HITPOINT WARNING * * *
The centaur shoots an arrow.
The arrow hits you.
You die...

##########
#.<......#
#........#
#........#
######........#
######.............#
#.[....####........#
######.# #......[.#
#.## ##@####### #..#
#.# #########.####.#
#.......#...##c#
#......[#...#.Z#
###...c.....#...##
..........#(##..#
###.......#.##..#
#.........#..#..#


You could see a centaur and a bullfrog skeleton.

Vanquished Creatures
  A howler monkey (D:5)
  2 hounds
  A jelly (D:5)
  An orc wizard (D:3)
  Jessica (D:2)
  Natasha (thrice) (D:2)
  An iguana (D:5)
  2 worker ants (D:4)
  5 adders
  3 white imps
  4 dart slugs
  2 worms
  3 leopard geckos
  8 orcs
  A ball python (D:5)
  4 giant cockroaches
  16 goblins
  12 hobgoblins
  12 jackals
  4 kobolds
  8 bats
  7 frilled lizards
  A jackal skeleton (D:4)
  A leopard gecko zombie (D:5)
  A quokka skeleton (D:4)
  6 rats
110 creatures vanquished.

Notes
Turn   | Place    | Note
-------+----------+-------------------------------------------
     0 | D:1      | raph the Tengu Air Elementalist began the quest for the
                  | Orb.
     0 | D:1      | Reached XP level 1. HP: 10/10 MP: 4/4
     2 | D:1      | Noticed a spriggan
     4 | D:1      | Noticed a naga
     4 | D:1      | Noticed a ghoul
     7 | D:1      | Noticed a vine stalker
     7 | D:1      | Noticed a tengu
     9 | D:1      | Noticed a gargoyle
     9 | D:1      | Noticed an elf
    11 | D:1      | Noticed a felid
    11 | D:1      | Noticed a demigod
    13 | D:1      | Noticed a demonspawn
    13 | D:1      | Noticed a formicid
    15 | D:1      | Noticed a dwarf
    44 | D:1      | Noticed a halfling
    46 | D:1      | Noticed a vampire
    46 | D:1      | Noticed an ogre
    48 | D:1      | Noticed a merfolk
    48 | D:1      | Noticed a troll
    50 | D:1      | Noticed a draconian
    50 | D:1      | Noticed a human
    52 | D:1      | Noticed an octopode
    54 | D:1      | Noticed a centaur
    54 | D:1      | Noticed a minotaur
   192 | D:1      | Reached XP level 2. HP: 15/15 MP: 4/6
   196 | D:1      | Learned a level 2 spell: Swiftness
  1157 | D:2      | Reached XP level 3. HP: 19/19 MP: 4/7
  1273 | D:2      | Noticed Jessica
  1279 | D:2      | Killed Jessica
  1279 | D:2      | Reached skill level 5 in Air Magic
  1279 | D:2      | Reached XP level 4. HP: 24/24 MP: 4/8
  1322 | D:2      | Noticed Natasha
  1328 | D:2      | Killed Natasha
  1552 | D:2      | Learned a level 3 spell: Static Discharge
  2062 | D:2      | Noticed Natasha
  2068 | D:2      | Killed Natasha
  2068 | D:2      | Gained mutation: You can fly continuously. [Tengu growth]
  2068 | D:2      | Reached XP level 5. HP: 24/28 MP: 3/10
  2251 | D:2      | Found a radiant altar of Vehumet.
  2297 | D:2      | Noticed Natasha
  2360 | D:2      | Killed Natasha
  2793 | D:3      | Reached skill level 6 in Air Magic
  3012 | D:3      | Found an ancient bone altar of Kikubaaqudgha.
  3133 | D:3      | Learned a level 4 spell: Airstrike
  3192 | D:3      | Reached XP level 6. HP: 32/32 MP: 7/11
  3467 | D:2      | Became a worshipper of Vehumet
  3576 | D:4      | Found Xiwk's Antique Armour Shoppe.
  3584 | D:4      | Bought a runed robe for 81 gold pieces
  3584 | D:4      | Bought a glowing robe for 81 gold pieces
  3736 | D:4      | Reached skill level 5 in Conjurations
  3834 | D:4      | Found Yvimeol's Distillery.
  3905 | D:4      | Bought a potion of might for 56 gold pieces
  3905 | D:4      | Bought 2 potions of degeneration for 28 gold pieces
  3908 | D:4      | Bought a potion of curing for 42 gold pieces
  4220 | D:4      | Found a shimmering altar of Xom.
  4462 | D:4      | Reached * piety under Vehumet
  4462 | D:4      | Offered knowledge of Magic Dart by Vehumet.
  4481 | D:4      | Learned a level 1 spell: Magic Dart
  4733 | D:5      | Entered Level 5 of the Dungeon
  4758 | D:5      | Reached skill level 1 in Fighting
  4922 | D:5      | Reached XP level 7. HP: 38/38 MP: 9/12
  4967 | D:5      | Reached skill level 7 in Air Magic
  5173 | D:5      | HP: 1/38 [centaur/arrow (9)]
  5173 | D:5      | Shot with an arrow by a centaur

Illustrated notes

Levels and vault maps discovered:
D:1:      kb_arrival_jail, layout_loops_corners, minmay_misc_feat_secret_circle,
          chequers_serial_rivers_room_b, grunt_decor_mini_mirrors,
          hangedman_decor_growths, minmay_vboxes
D:2:      layout_loops_ring, nicolae_overflow_hidden_temple,
          minmay_pentomino_p2, uniq_jessica, uniq_natasha
D:3:      layout_rooms, lemuel_crystal_altar, minmay_cut_off
D:4:      layout_basic, lemuel_doored_altar, serial_shops, nicolae_shop_crystal,
          shop_coins, minmay_goblin_outpost
D:5:      layout_rooms, temple_fountains, kennysheep_small_circle

Skill      XL: |  1  2  3  4  5  6  7 |
---------------+----------------------+-----
Conjurations   | 2 3 4 5 |  5.3
Air Magic      | 5 6 7 |  7.6
Spellcasting   | 3 |  3.2
Fighting       | 1 |  1.0
Dodging        | |  2.6
Stealth        | |  2.3

Action                   |  1- 3 |  4- 6 |  7- 9 || total
-------------------------+-------+-------+-------++-------
Melee: Unarmed           |     3 |       |       ||     3
       Short sword       |     2 |    24 |       ||    26
       Peck              |     1 |     4 |       ||     5
       Kick              |       |     7 |       ||     7
       War axe           |       |    24 |       ||    24
 Cast: Shock             |    41 |   121 |    12 ||   174
       Static Discharge  |       |     8 |     2 ||    10
       Airstrike         |       |     5 |     1 ||     6
       Swiftness         |       |       |     1 ||     1
 Abil: Fly               |       |     1 |       ||     1
  Use: Scroll            |       |    10 |       ||    10
 Stab: Sleeping          |     1 |     3 |       ||     4
Armor: Robe              |     4 |    14 |     2 ||    20
Dodge: Dodged            |    14 |    48 |     8 ||    70

Table legend: (Time is in decaauts)
 A = Elapsed time spent in this place.
 B = Non-inter-level travel time spent in this place.
 C = Inter-level travel time spent in this place.
 D = Time resting spent in this place.
 E = Time spent auto-exploring this place.
 F = Levels seen in this place.
 G = Mean time per level.
                   A        B        C        D        E       F      G
               +--------+--------+--------+--------+--------+-----+--------+
         Total |   5028 |   4884 |    144 |   1894 |   2162 |   5 | 1005.6 |
       Dungeon |   5028 |   4884 |    144 |   1894 |   2162 |   5 | 1005.6 |
               +--------+--------+--------+--------+--------+-----+--------+

Top non-repeatable levels by time:
     D:2: 1580 daAuts
     D:4: 1144 daAuts
     D:1: 1136 daAuts
     D:3: 745 daAuts
     D:5: 420 daAuts
